 Dungeon Crawl Stone Soup version 0.30.1-3-gfc49f6343a (webtiles) character file.

Game seed: 9743017556066611800

704 wolfrpgdude the Trooper (level 7, 0/62 HPs)
             Began as a Hill Orc Fighter on Aug 2, 2023.
             Slain by a troll (11 damage)
             ... on level 6 of the Dungeon.
             The game lasted 00:08:48 (3556 turns).

wolfrpgdude the Trooper (Hill Orc Fighter)          Turns: 3556, Time: 00:08:49

Health: 0/62       AC:  7    Str: 27    XL:     7   Next: 66%
Magic:  7/7        EV: 11    Int:  8    God:
Gold:   119        SH:  4    Dex: 10    Spells: 6/6 levels left

rFire   + . .        i - +5 whip (venom)
rCold   . . .        c - +0 buckler
rNeg    . . .        m - +0 ring mail {rF+}
rPois   .            f - +0 hat
rElec   .            (no cloak)
rCorr   .            p - +0 pair of gloves
SInv    .            (no boots)
Will    .....        l - amulet of faith
Stlth   +            h - +4 ring of protection
HPRegen 1.10/turn    x - +6 ring of strength
MPRegen 0.10/turn

%: faith
@: corroded
A: regeneration 1
a: no special abilities


You were on level 6 of the Dungeon.
You visited 1 branch of the dungeon, and saw 6 of its levels.

You collected 207 gold pieces.
You spent 88 gold pieces at shops.

Inventory:

Hand Weapons
 i - a +5 whip of venom (weapon)
Missiles
 o - a throwing net (quivered)
Armour
 c - a +0 buckler (worn)
 f - a +0 hat (worn)
 m - a +0 ring mail of fire resistance (worn)
 p - a +0 pair of gloves (worn)
Jewellery
 h - a +4 ring of protection (left hand)
 j - a +6 ring of dexterity
 l - an amulet of faith (around neck)
 x - a +6 ring of strength (right hand)
Wands
 t - a wand of paralysis (15)
 y - a wand of flame (18)
Scrolls
 a - 5 scrolls of identify
 b - a scroll of silence
 u - 3 scrolls of torment {unknown}
 v - a scroll of teleportation
Potions
 d - a potion of might
 e - 2 potions of lignification
 g - 3 potions of curing
 k - a potion of haste
 n - a potion of cancellation
 q - a potion of flight
 r - a potion of invisibility
 s - 2 potions of heal wounds
 w - a potion of degeneration {unknown}


   Skills:
 * Level 5.6 Fighting
 - Level 4.3(5.6) Axes
 * Level 4.6(5.2) Maces & Flails
 + Level 5.1 Armour
 - Level 1.6 Dodging
 - Level 0.4 Stealth
 - Level 4.3 Shields


You had 6 spell levels left.
You didn't know any spells.
Your spell library was empty.

Dungeon Overview and Level Annotations

Branches:
Dungeon (6/15)
 Temple: D:4-7

Altars:

Shops:
D:2 !

Annotations:
D:6 Prince Ribbit


Innate Abilities, Weirdness & Mutations

Your natural rate of healing is unusually fast.


Message History

You hit the jelly.
Your hands burn!
The jelly is severely wounded.
You hit the jelly.
You kill the jelly!
Prince Ribbit comes into view.
Found 6 stones.
Prince Ribbit moves out of view.
You hit the troll but do no damage.
The troll is poisoned.
The troll barely misses you. The troll claws you. You block the troll's attack.
You whack the troll!
The troll looks as sick as possible!
The troll is moderately wounded.
The troll closely misses you. The troll claws you! The troll barely misses you.
You closely miss the troll.
The troll is moderately wounded.
You block the troll's attack. The troll claws you but does no damage.
The troll misses you.
You closely miss the troll.
The troll is moderately wounded.
The troll misses you. The troll closely misses you.
The troll barely misses you.
You hit the troll but do no damage.
The troll looks as sick as possible!
The troll is moderately wounded.
You hit the troll.
The troll looks as sick as possible!
The troll is moderately wounded.
The troll bites you but does no damage. The troll claws you. x2
You hit the troll but do no damage.
The troll looks as sick as possible!
The troll is moderately wounded.
Prince Ribbit gives a loud, deep croak!
The troll bites you. The troll claws you!
The troll claws you but does no damage.
You closely miss the troll.
The troll is heavily wounded.
The troll bites you! The troll claws you.
* * * LOW HITPOINT WARNING * * *
The troll claws you!
* * * LOW HITPOINT WARNING * * *
You hit the troll.
The troll is heavily wounded.
An orc warrior comes into view. It is wielding a +0 hand axe.
The troll bites you!
You die...

#. #.. #. #.#
#.##.## #.....#
#.....####..
#...<.......
####''#####..
##≈≈≈..≈≈§##
#≈§≈≈.@≈≈§≈#
#§§≈≈≈§T≈§§§§#
≈§≈§§≈..≈≈≈≈≈≈#
≈≈≈§§§§.≈§≈≈≈≈≈
≈§§§≈≈..≈§≈≈§≈§
§≈§≈≈≈..≈≈≈≈≈§§
§≈≈≈≈8.F8≈≈§§≈≈
.....(...o....§


You could see Prince Ribbit, a troll (extremely poisoned) and an orc warrior
(wandering).

Vanquished Creatures
  A black bear (D:4)
  An ogre (D:5)
  A phantom (D:5)
  A scorpion (D:4)
  A howler monkey (D:5)
  An orc priest (D:3)
  A hound (D:5)
  A jelly (D:6)
  2 iguanas (D:5)
  12 adders
  3 worms
  4 dart slugs
  7 orcs
  6 ball pythons (D:3)
  3 bats
  3 endoplasms
  4 giant cockroaches
  7 goblins
  12 hobgoblins
  8 jackals
  9 kobolds
  7 quokkas
  3 frilled lizards
  5 rats
103 creatures vanquished.

Notes
Turn   | Place    | Note
-------+----------+-------------------------------------------
     0 | D:1      | wolfrpgdude the Hill Orc Fighter began the quest for the
                  | Orb.
     0 | D:1      | Reached XP level 1. HP: 19/19 MP: 1/1
    89 | D:1      | Reached XP level 2. HP: 26/27 MP: 2/2
   245 | D:1      | Reached XP level 3. HP: 29/33 MP: 3/3
   345 | D:1      | Found a faded altar of an unknown god.
   773 | D:2      | Reached XP level 4. HP: 37/41 MP: 4/4
   821 | D:2      | Found Epocah's Distillery.
  1355 | D:3      | Reached skill level 1 in Maces & Flails
  1355 | D:3      | Reached XP level 5. HP: 47/47 MP: 5/5
  1743 | D:2      | Bought a potion of mutation for 88 gold pieces
  1743 | D:2      | Gained mutation: You are dopey. (Int -2) [potion of
                  | mutation]
  1743 | D:2      | Lost mutation: You are dopey. (Int -2) [potion of mutation]
  1743 | D:2      | Gained mutation: Your natural rate of healing is unusually
                  | fast. [potion of mutation]
  2380 | D:4      | Noticed a black bear
  2401 | D:4      | Killed a black bear
  2402 | D:4      | Reached skill level 1 in Dodging
  2402 | D:4      | Reached XP level 6. HP: 20/53 MP: 6/6
  3153 | D:5      | Entered Level 5 of the Dungeon
  3164 | D:5      | Reached skill level 5 in Fighting
  3164 | D:5      | Reached XP level 7. HP: 40/61 MP: 7/7
  3508 | D:5      | Reached skill level 5 in Armour
  3542 | D:6      | Noticed a troll
  3547 | D:6      | Noticed Prince Ribbit
  3556 | D:6      | Slain by a troll

Illustrated notes

Levels and vault maps discovered:
D:1:      grunt_arrival_lava_bath, layout_rooms, ebering_ecumenical_altar_hall
D:2:      minmay_door_path, layout_rooms, serial_shops, nicolae_diamond_shop
D:3:      layout_loops_ring, minmay_snake_closets
D:4:      layout_basic
D:5:      layout_basic
D:6:      kennysheep_big_flooded_room, layout_basic, nrook_mini_backslash,
          nicolae_good_shop, uniq_prince_ribbit1, uniq_edmund

Skill      XL: |  1  2  3  4  5  6  7 |
---------------+----------------------+-----
Fighting       | 4 5 |  5.6
Axes           | 3 4 |  4.3
Armour         | 4 5 |  5.1
Maces & Flails | 1 3 4 |  4.6
Dodging        | 1 |  1.6
Shields        | 4 |  4.3
Stealth        | |  0.4

Action                     |  1- 3 |  4- 6 |  7- 9 || total
---------------------------+-------+-------+-------++-------
  Melee: War axe           |    81 |       |       ||    81
         Whip              |    32 |   148 |    61 ||   241
    Use: Scroll            |     3 |    14 |     1 ||    18
         Potion            |       |     1 |       ||     1
 Armour: Scale mail        |    53 |    11 |       ||    64
         Ring mail         |       |    55 |    17 ||    72
  Dodge: Dodged            |    52 |    73 |    31 ||   156
  Block: Buckler           |    29 |    44 |     8 ||    81
